Map: Catallena LE (Void)

Players

SamuraiFunn - Winner!

  • Race: Protoss Protoss
  • Spawn Location: 5:00

A.I. 1 (Very Hard)

  • Race: Zerg Zerg
  • Spawn Location: 9:00

VOD

Have the link to the VOD?

Description

Time

  • Played on: Oct. 29, 2017, 10:27 p.m.
  • Length: 19:30
Show
View Real Time Build Order
Export as new Build Order

SamuraiFunn Protoss - Winner!

Build Orders: Double Forge 

Get SALT Encoding   

  12  0:01  Probe (Chrono Boost)  
  13  0:11  Probe (Chrono Boost)  
  14  0:19  Pylon  
  14  0:24  Probe (Chrono Boost)  
  15  0:37  Probe (Chrono Boost)  
  15  0:40  Gateway  
  16  0:48  Probe (Chrono Boost)  
  17  0:55  Assimilator  
  17  0:59  Probe (Chrono Boost)  
  18  1:09  Probe (Chrono Boost)  
  19  1:22  Probe (Chrono Boost)  
  20  1:36  Cybernetics Core  
  20  1:42  Pylon, Zealot  
  22  1:50  Forge  
  22  1:55  Forge  
  22  2:12  Pylon  
  22  2:16  Nexus  
  22  2:31  Probe (Chrono Boost)  
  23  2:42  Probe (Chrono Boost)  
  24  2:51  Zealot  
  26  2:55  Probe (Chrono Boost)  
  27  3:03  Assimilator  
  27  3:05  Probe (Chrono Boost)  
  28  3:16  Twilight Council  
  28  3:20  Gateway  
  28  3:32  Zealot  
  30  3:58  Gateway  
  30  4:00  Zealot  
  32  4:08  Stargate  
  32  4:14  Probe (Chrono Boost)  
  32  4:15  Probe (Chrono Boost)  
  34  4:21  Assimilator  
  34  4:23  Assimilator  
  34  4:25  Probe x2 (Chrono Boost)  
  34  4:26  Pylon  
  34  4:28  Zealot  
  34  4:30  Zealot  
  40  4:32  Pylon  
  40  4:37  Probe x2 (Chrono Boost)  
  42  4:43  Protoss Ground Weapons Level 1  
  42  4:44  Charge  
  42  4:47  Probe x2 (Chrono Boost), Zealot  
  46  4:58  Probe x2 (Chrono Boost)  
  48  5:08  Probe x2 (Chrono Boost)  
  50  5:15  Zealot x2  
  50  5:16  Zealot  
  50  5:19  Probe x2 (Chrono Boost)  
  58  5:26  Protoss Air Weapons Level 1  
  58  5:44  Probe x2 (Chrono Boost)  
  58  5:47  Zealot  
  58  5:48  Zealot x2  
  66  6:03  Pylon  
  66  6:06  Nexus  
  66  6:08  Assimilator  
  66  6:12  Assimilator  
  66  6:15  Zealot x2  
  70  6:21  Zealot  
  72  6:26  Pylon  
  72  6:34  Pylon  
  72  6:37  Protoss Ground Armor Level 1  
  72  6:38  Pylon  
  72  6:46  Zealot  
  74  6:51  Pylon  
  74  6:52  Void Ray  
  78  6:58  Probe (Chrono Boost)  
  78  6:59  Probe (Chrono Boost)  
  80  7:09  Probe x2 (Chrono Boost)  
  80  7:15  Stargate  
  82  7:18  Stargate  
  82  7:20  Protoss Air Armor Level 1  
  82  8:01  Probe x3 (Chrono Boost)  
  85  8:11  Void Ray x2  
  85  8:12  Void Ray  
  97  8:25  Zealot x3  
  103  8:30  Gateway  
  103  8:31  Protoss Ground Weapons Level 2  
  103  8:43  Gateway  
  102  9:15  Pylon  
  62  10:00  Void Ray x3  
  62  10:03  Zealot x3  
  62  10:07  Zealot x2  
  84  10:35  Zealot x5  
  94  10:43  Void Ray x3  
  94  10:45  Nexus  
  94  10:47  Protoss Shields Level 1  
  106  11:02  Zealot x5  
  116  11:26  Void Ray x2  
  124  11:33  Zealot  
  124  11:37  Zealot  
  124  11:38  Zealot x3  
  124  11:39  Void Ray  
  82  12:00  Zealot  
  84  12:04  Zealot  
  84  12:05  Zealot x2  
  90  12:09  Void Ray x2  
  90  12:15  Adept  
  100  12:22  Void Ray  
  104  12:28  Adept  
  106  12:31  Adept  
  106  12:32  Adept x2  
  111  12:41  Protoss Ground Weapons Level 3  
  111  12:50  Adept  
  113  12:55  Resonating Glaives, Adept  
  115  12:58  Adept  
  115  12:59  Adept x2  
  121  13:06  Void Ray x3  
  133  13:17  Stalker  
  133  13:18  Stargate  
  135  13:22  Stalker  
  135  13:25  Stalker  
  139  13:33  Pylon  
  139  13:34  Pylon  
  139  13:35  Pylon  
  139  13:41  Assimilator  
  139  13:42  Assimilator  
  139  13:45  Stalker  
  140  13:50  Stalker  
  82  14:26  Void Ray x2  
  82  14:27  Void Ray  
  82  14:30  Zealot x2  
  82  14:31  Zealot x3  
  100  15:09  Void Ray  
  100  15:13  Void Ray x2  
  112  15:17  Zealot x3  
  112  15:18  Protoss Ground Armor Level 2, Zealot x2  
  122  15:44  Zealot x2  
  116  16:37  Zealot x3  
  116  16:38  Zealot x2  
  118  17:04  Zealot x2  
  118  17:05  Zealot x2  
  118  17:06  Zealot  
  128  17:31  Zealot  
  128  17:32  Zealot x3  
  128  17:33  Zealot  
  138  17:39  Void Ray x2  
  138  17:40  Void Ray x2  
  142  18:49  Zealot  
  142  18:50  Zealot x4  
Show
View Real Time Build Order
Export as new Build Order

A.I. 1 (Very Hard) Zerg 

Build Orders: Pool First, Swarm Host 

Get SALT Encoding   

  12  0:00  Drone  
  13  0:12  Overlord  
  13  0:18  Drone  
  14  0:31  Drone x2  
  14  0:34  Drone  
  17  0:48  Spawning Pool  
  17  0:49  Drone  
  17  1:11  Hatchery  
  16  1:15  Drone  
  16  1:17  Extractor  
  16  1:20  Drone  
  16  1:24  Extractor  
  16  1:26  Drone  
  16  1:31  Drone  
  18  1:38  Drone  
  19  1:49  Overlord  
  19  1:57  Queen  
  21  2:03  Zergling x2  
  22  2:11  Drone  
  23  2:24  Queen  
  25  2:30  Drone  
  25  2:34  Drone  
  27  2:39  Drone  
  28  2:44  Drone  
  29  2:58  Roach Warren  
  29  3:00  Drone  
  29  3:03  Drone  
  30  3:06  Zergling x2  
  30  3:10  Zergling x2  
  32  3:16  Overlord  
  32  3:19  Drone  
  33  3:22  Drone  
  34  3:38  Roach x2  
  34  3:39  Roach  
  34  3:41  Roach  
  42  3:46  Lair  
  42  3:52  Overlord  
  42  3:57  Overlord  
  42  3:59  Zergling x2  
  44  4:02  Zergling x2  
  44  4:10  Zergling x2, Drone x2  
  44  4:12  Drone  
  44  4:14  Drone  
  49  4:17  Drone  
  49  4:22  Overlord  
  50  4:26  Roach  
  50  4:30  Roach  
  54  4:33  Roach  
  54  4:36  Roach  
  58  4:40  Overlord  
  58  4:46  Hydralisk Den  
  58  4:47  Drone  
  58  4:49  Drone  
  58  4:51  Drone  
  60  4:54  Roach  
  60  4:57  Roach  
  64  5:03  Drone  
  64  5:05  Drone  
  66  5:09  Overlord  
  66  5:12  Drone  
  66  5:14  Drone  
  68  5:15  Hydralisk  
  68  5:16  Drone  
  68  5:19  Hydralisk  
  73  5:23  Hydralisk  
  73  5:27  Hydralisk  
  77  5:30  Overlord  
  77  5:33  Drone  
  77  5:35  Drone  
  79  5:36  Drone  
  79  5:38  Drone  
  79  5:40  Drone  
  79  5:41  Drone  
  83  5:43  Drone  
  84  5:51  Infestation Pit  
  84  5:53  Overlord  
  84  5:55  Drone  
  84  5:56  Ravager x2  
  86  5:59  Hydralisk  
  86  6:02  Hydralisk  
  90  6:10  Metabolic Boost  
  90  6:11  Hydralisk, Overlord  
  90  6:14  Hydralisk  
  90  6:17  Roach  
  96  6:27  Evolution Chamber, Infestor  
  96  6:30  Drone, Extractor, Overlord  
  97  6:38  Extractor  
  97  6:39  Drone  
  97  6:41  Hatchery  
  97  6:42  Drone  
  97  6:47  Infestor  
  97  6:52  Drone  
  97  6:53  Drone x2  
  102  6:54  Zerg Melee Weapons Level 1  
  102  7:00  Drone, Overlord  
  102  7:01  Drone x2  
  105  7:04  Roach x3  
  110  7:09  Roach  
  110  7:14  Roach  
  114  7:20  Overlord  
  114  7:23  Infestor  
  114  7:24  Overseer  
  116  7:32  Evolution Chamber  
  116  7:35  Spine Crawler  
  116  7:36  Infestor  
  116  7:39  Spine Crawler  
  116  7:41  Drone  
  116  7:53  Queen  
  116  7:54  Drone x3  
  116  7:55  Drone x4, Overlord  
  116  7:56  Drone  
  116  7:58  Zerg Missile Weapons Level 1, Drone  
  126  8:00  Drone  
  126  8:01  Drone  
  126  8:04  Drone  
  130  8:06  Drone  
  130  8:08  Drone, Extractor  
  131  8:13  Overlord  
  131  8:14  Drone  
  131  8:16  Drone  
  131  8:17  Drone  
  131  8:18  Drone  
  131  8:19  Drone  
  136  8:21  Drone  
  136  8:22  Drone  
  136  8:24  Drone  
  136  8:25  Drone  
  140  8:32  Drone  
  140  8:33  Spore Crawler  
  140  8:34  Overlord  
  140  8:36  Drone  
  140  8:37  Drone  
  140  8:40  Spore Crawler  
  140  8:41  Hydralisk  
  141  8:44  Lurker Den  
  141  8:48  Hydralisk  
  143  8:49  Zerg Ground Armor Level 1  
  143  8:53  Hive  
  145  8:57  Overlord  
  145  9:03  Roach  
  145  9:04  Roach  
  145  9:06  Roach  
  151  9:12  Roach x3  
  151  9:15  Zergling x2, Overlord  
  151  9:16  Zergling x2  
  150  9:21  Spire  
  143  9:26  Extractor  
  126  9:37  Hydralisk  
  120  9:41  Hydralisk  
  120  9:44  Spine Crawler  
  107  9:50  Drone x2  
  99  9:55  Infestor  
  99  9:57  Overseer, Roach  
  99  9:58  Evolution Chamber, Hatchery  
  99  9:59  Drone x2, Roach  
  105  10:05  Spine Crawler  
  105  10:06  Viper, Spine Crawler  
  103  10:08  Infestor  
  103  10:10  Hydralisk  
  103  10:11  Ravager  
  103  10:12  Roach  
  113  10:16  Ravager  
  113  10:18  Roach  
  113  10:20  Hydralisk  
  118  10:23  Hydralisk  
  118  10:27  Hydralisk  
  122  10:33  Mutalisk  
  122  10:34  Mutalisk  
  126  10:39  Mutalisk  
  128  10:44  Spore Crawler  
  128  10:45  Mutalisk  
  128  10:47  Spore Crawler  
  128  10:51  Mutalisk  
  130  10:57  Mutalisk  
  130  11:00  Spine Crawler  
  130  11:01  Zergling x2  
  130  11:04  Mutalisk  
  131  11:10  Mutalisk  
  131  11:11  Queen, Drone x3  
  138  11:12  Drone x4  
  138  11:13  Drone x2  
  138  11:16  Mutalisk  
  148  11:23  Mutalisk  
  148  11:24  Extractor  
  148  11:25  Drone  
  150  11:26  Spine Crawler  
  150  11:27  Drone, Roach  
  150  11:28  Roach x2, Overlord, Spore Crawler  
  150  11:29  Drone  
  150  11:30  Roach  
  150  11:32  Roach  
  160  11:33  Drone, Spore Crawler, Roach  
  160  11:35  Extractor  
  160  11:36  Zergling x2, Drone  
  160  11:38  Mutalisk  
  150  11:42  Spine Crawler  
  150  11:43  Zergling x2, Drone  
  150  11:45  Mutalisk  
  138  11:49  Queen  
  138  11:51  Spine Crawler, Mutalisk  
  138  11:52  Drone  
  140  11:58  Hydralisk  
  140  12:01  Hydralisk  
  142  12:03  Hydralisk  
  142  12:04  Ravager  
  147  12:10  Infestor  
  147  12:13  Swarm Host  
  152  12:17  Swarm Host  
  152  12:20  Swarm Host  
  158  12:24  Swarm Host  
  158  12:28  Overseer, Spine Crawler  
  158  12:29  Drone  
  161  12:31  Overseer, Spore Crawler  
  161  12:32  Drone  
  161  12:36  Pneumatized Carapace  
  161  12:38  Zergling x2  
  161  12:40  Mutalisk  
  161  12:41  Overlord  
  163  12:45  Mutalisk  
  163  12:49  Mutalisk  
  167  12:54  Mutalisk  
  169  12:58  Mutalisk  
  169  12:59  Overlord  
  169  13:02  Swarm Host  
  174  13:06  Swarm Host  
  174  13:07  Spine Crawler  
  174  13:09  Swarm Host, Drone  
  180  13:13  Swarm Host, Drone, Hatchery  
  183  13:20  Infestor  
  183  13:22  Drone, Spine Crawler  
  183  13:23  Spine Crawler  
  183  13:24  Drone  
  183  13:25  Spine Crawler  
  183  13:26  Drone  
  185  13:29  Viper  
  188  13:38  Viper  
  191  13:43  Zergling x2  
  191  13:45  Zerg Missile Weapons Level 2  
  192  13:50  Roach  
  192  13:51  Mutalisk  
  192  13:54  Zergling x2, Roach  
  193  13:55  Roach  
  193  13:58  Mutalisk  
  193  13:59  Zergling x2  
  193  14:01  Spore Crawler  
  193  14:02  Drone, Mutalisk  
  172  14:04  Zergling x2, Spore Crawler  
  172  14:05  Hydralisk, Zergling x2  
  172  14:06  Spore Crawler  
  172  14:08  Hydralisk, Drone  
  150  14:14  Mutalisk  
  123  14:18  Swarm Host  
  123  14:21  Roach  
  120  14:24  Swarm Host, Queen  
  120  14:25  Drone  
  120  14:26  Roach  
  120  14:28  Roach  
  128  14:32  Swarm Host  
  128  14:33  Extractor  
  128  14:34  Drone  
  128  14:35  Spore Crawler  
  128  14:36  Drone  
  128  14:37  Swarm Host  
  128  14:38  Extractor  
  133  14:40  Drone  
  133  14:43  Mutalisk  
  136  14:48  Queen  
  136  14:49  Mutalisk  
  134  14:54  Spore Crawler  
  134  14:55  Mutalisk  
  134  14:56  Drone  
  134  14:58  Zergling x2  
  134  14:59  Zergling x2, Roach x2  
  119  15:01  Hydralisk, Hatchery  
  119  15:02  Drone  
  119  15:04  Hydralisk, Drone  
  119  15:05  Drone  
  119  15:06  Drone x2  
  123  15:07  Drone  
  123  15:10  Drone, Roach  
  123  15:11  Swarm Host, Drone x2  
  123  15:12  Drone x4  
  117  15:14  Drone  
  117  15:16  Swarm Host, Zergling x2  
  117  15:17  Drone x2  
  117  15:20  Drone x2, Roach  
  117  15:22  Drone  
  117  15:23  Drone x2, Roach  
  117  15:25  Drone x2  
  117  15:26  Drone  
  111  15:39  Zergling x2  
  111  15:40  Drone  
  111  15:42  Drone  
  114  15:43  Drone x2  
  114  15:44  Drone  
  114  15:45  Drone  
  114  15:47  Drone  
  114  15:48  Drone  
  117  15:50  Drone  
  117  15:52  Roach  
  117  15:53  Swarm Host  
  117  15:54  Zergling x2, Mutalisk x2  
  105  16:02  Zergling x2  
  105  16:03  Drone, Roach x3  
  99  16:10  Roach  
  97  16:12  Swarm Host  
  97  16:14  Drone  
  97  16:15  Drone  
  97  16:16  Drone  
  97  16:18  Swarm Host, Roach  
  96  16:23  Hydralisk, Zergling x2  
  84  16:37  Zergling x2  
  84  16:38  Hydralisk x2  
  84  16:39  Drone, Roach  
  68  16:47  Zergling x2  
  68  16:49  Roach  
  68  16:51  Roach  
  73  16:54  Roach, Hatchery  
  73  16:55  Hydralisk  
  73  16:57  Drone  
  73  17:00  Drone x2  
  79  17:01  Drone, Hatchery  
  79  17:03  Drone  
  79  17:05  Drone  
  79  17:06  Zergling x2  
  79  17:08  Hydralisk  
  74  17:11  Roach  
  74  17:13  Roach  
  71  17:16  Roach  
  71  17:19  Lair  
  70  17:24  Zergling x2  
  70  17:27  Overlord  
  68  17:45  Drone, Overlord  
  68  17:46  Drone  
  68  17:47  Drone, Spawning Pool  
  70  18:01  Drone  
  70  18:03  Drone  
  71  18:07  Drone  
  71  18:09  Drone, Overlord  
  44  18:20  Overseer  
  29  18:40  Hatchery  
  26  18:45  Overlord  
  11  19:04  Drone  
  11  19:06  Spawning Pool  
  10  19:15  Drone x5  
Tags
 
Add a new tag
Caveats
  • Supply blocks, unpowered buildings, or Contaminate may cause inaccurate times.
  • Supply counts are checked every 10 seconds.